SL
TOLEDO TITANS @ CHICAGO HAWKS
07/30/2022
 
TOP OF THE 1ST
Toledo Titans batting - Pitching for Chicago Hawks : RHP Adrián Fierro
Pitching: RHP Adrián Fierro
Batting: RHB Anthony Johnston 0-0: Ball
1-0: Called Strike
1-1: Ball
2-1: Fly out, F7 (Flyball, 7M)
Batting: LHB Tony Dyer 0-0: Ball
1-0: Ball
2-0: Ball
3-0: Called Strike
3-1: Foul Ball, location: 2F
3-2: Base on Balls
Batting: LHB Roberto Rodríguez 0-0: Foul Ball, location: 2F
0-1: SINGLE (Groundball, 3)
Tony Dyer to second
Runner from 2nd tries for 3rd, SAFE, throw made to third
Batting: LHB Yannick Hendriksen 0-0: Ball
1-0: Called Strike
1-1: Fly out, F9 (Flyball, 9M)
Batting: RHB Juan Orozco 0-0: Ball
1-0: Ball
2-0: DOUBLE (Groundball, 5L)
Tony Dyer scores
Roberto Rodríguez to third
Runner from 3rd tries for Home, SAFE, no throw or cutoff
Batting: RHB Kade Knowles 0-0: Ball
1-0: Ball
2-0: Called Strike
2-1: Ground out 5-3 (Groundball, 5)
Top of the 1st over - 2 run(s), 2 hit(s), 0 error(s), 1 left on base; Toledo 2 - Chicago 0
BOTTOM OF THE 1ST
Chicago Hawks batting - Pitching for Toledo Titans : LHP Arnie Pittman
Pitching: LHP Arnie Pittman
Batting: RHB Ludwig Kluge 0-0: Called Strike
0-1: Ball
1-1: Foul Ball, location: 2F
1-2: DOUBLE (Flyball, 89M)
Batting: RHB Chandler Bailey 0-0: Ball
Throwing error on steal attempt, E2
Ludwig Kluge scores
1-0: Ball
2-0: Ball
3-0: Base on Balls
Batting: RHB Robbie Roach 0-0: Called Strike
0-1: Foul Ball, location: 2F
0-2: DOUBLE (Line Drive, 9LS)
Chandler Bailey to third
Runner from 3rd tries for Home, SAFE, throw made home
Batting: LHB Mal Wadley 0-0: Ball
1-0: Called Strike
1-1: Ground out U3 (Groundball, 3S)
Robbie Roach to third
Batting: RHB Chris Smith 0-0: Ground out 5-3 (Groundball, 56)
Robbie Roach scores
Batting: RHB José Lozano 0-0: Ball
1-0: Called Strike
1-1: Ball
2-1: Foul Ball, location: 2F
2-2: Ball
3-2: Foul Ball, location: 2F
3-2: Foul Ball, location: 2F
3-2: Base on Balls
Batting: LHB Motoshige Kitamura 0-0: Ball
1-0: Ball
2-0: Called Strike
2-1: Called Strike
2-2: DOUBLE (Line Drive, 7D)
José Lozano to third
Runner from 3rd tries for Home, SAFE, no throw or cutoff
Batting: RHB Soseki Matsunaga 0-0: Called Strike
0-1: Ball
1-1: Ball
2-1: Ball
3-1: Foul Ball, location: 2F
3-2: Base on Balls
Batting: LHB Jeremiah Spencer 0-0: Called Strike
0-1: Called Strike
0-2: Ball
1-2: Ball
2-2: Ball
3-2: Ground out U3 (Groundball, 3S)
Bottom of the 1st over - 4 run(s), 3 hit(s), 1 error(s), 2 left on base; Toledo 2 - Chicago 4
TOP OF THE 2ND
Toledo Titans batting - Pitching for Chicago Hawks : RHP Adrián Fierro
Batting: LHB Ismael Cabrera 0-0: DOUBLE (Flyball, 7LD)
Batting: SHB Mustapha Gonzales 0-0: Ball
1-0: Ground out 4-3 (Groundball, 4)
Ismael Cabrera to third
Batting: LHB Chris West 0-0: Called Strike
0-1: Ball
1-1: Ground out 5-3 (Groundball, 6S)
Ismael Cabrera scores
Batting: RHB Anthony Johnston 0-0: Ball
1-0: Foul Ball, location: 2F
1-1: Swinging Strike
1-2: Strikes out swinging
Top of the 2nd over - 1 run(s), 1 hit(s), 0 error(s), 0 left on base; Toledo 3 - Chicago 4
BOTTOM OF THE 2ND
Chicago Hawks batting - Pitching for Toledo Titans : LHP Arnie Pittman
Batting: RHB Ludwig Kluge 0-0: Called Strike
0-1: Ball
1-1: Swinging Strike
1-2: Fly out, F9 (Flyball, 89D)
Batting: RHB Chandler Bailey 0-0: Foul Ball, location: 2F
0-1: Ball
1-1: Ball
2-1: Swinging Strike
2-2: Ground out 6-3 (Groundball, 6)
Batting: RHB Robbie Roach 0-0: Ball
1-0: Ball
2-0: Foul Ball, location: 2F
2-1: Called Strike
2-2: SINGLE (Groundball, 6MD)
Batting: LHB Mal Wadley 0-0: Fly out, F9 (Flyball, 9D)
Bottom of the 2nd over - 0 run(s), 1 hit(s), 0 error(s), 1 left on base; Toledo 3 - Chicago 4
TOP OF THE 3RD
Toledo Titans batting - Pitching for Chicago Hawks : RHP Adrián Fierro
Batting: LHB Tony Dyer 0-0: Ball
1-0: Fly out, F7 (Flyball, 78D)
Batting: LHB Roberto Rodríguez 0-0: Foul Ball, location: 2F
0-1: Ball
1-1: Swinging Strike
1-2: Ball
2-2: Ball
3-2: Fly out, F9 (Flyball, 89S)
Batting: LHB Yannick Hendriksen 0-0: Foul Ball, location: 2F
0-1: Called Strike
0-2: Foul Ball, location: 2F
0-2: Strikes out swinging
Top of the 3rd over - 0 run(s), 0 hit(s), 0 error(s), 0 left on base; Toledo 3 - Chicago 4
BOTTOM OF THE 3RD
Chicago Hawks batting - Pitching for Toledo Titans : LHP Arnie Pittman
Batting: RHB Chris Smith 0-0: Ball
1-0: Swinging Strike
1-1: SINGLE (Groundball, 56)
Batting: RHB José Lozano 0-0: Called Strike
0-1: Ball
1-1: Foul Ball, location: 2F
1-2: Ball
2-2: Ball
3-2: Strikes out swinging
Batting: LHB Motoshige Kitamura 0-0: Ball
1-0: Fly out, F5 (Line Drive, 5S)
Batting: RHB Soseki Matsunaga 0-0: Ball
1-0: Ball
2-0: Ball
Wild Pitch!
Chris Smith to second
3-0: Called Strike
3-1: Base on Balls
Batting: LHB Jeremiah Spencer 0-0: Ball
1-0: Called Strike
1-1: Swinging Strike
1-2: Ball
2-2: Strikes out swinging
Bottom of the 3rd over - 0 run(s), 1 hit(s), 0 error(s), 2 left on base; Toledo 3 - Chicago 4
TOP OF THE 4TH
Toledo Titans batting - Pitching for Chicago Hawks : RHP Adrián Fierro
Batting: RHB Juan Orozco 0-0: Ball
1-0: Called Strike
1-1: Ball
2-1: Fly out, F4 (Line Drive, 4M)
Batting: RHB Kade Knowles 0-0: Ground out 3-1 (Groundball, 34)
Batting: LHB Ismael Cabrera 0-0: SINGLE (Line Drive, 78S)
Batting: SHB Mustapha Gonzales 0-0: Ball
1-0: Ball
2-0: Called Strike
2-1: Foul Ball, location: 2F
2-2: Ball
3-2: Base on Balls
Ismael Cabrera to second
Batting: LHB Chris West 0-0: Called Strike
0-1: Swinging Strike
0-2: Foul Ball, location: 2F
0-2: Ball
1-2: Fielders Choice at 2nd, U4 (Groundball, 4M)
Top of the 4th over - 0 run(s), 1 hit(s), 0 error(s), 2 left on base; Toledo 3 - Chicago 4
BOTTOM OF THE 4TH
Chicago Hawks batting - Pitching for Toledo Titans : LHP Arnie Pittman
Batting: RHB Ludwig Kluge 0-0: Ball
1-0: Called Strike
1-1: Ball
2-1: Called Strike
2-2: Ground out 5-3 (Groundball, 5)
Batting: RHB Chandler Bailey 0-0: Fly out, F8 (Flyball, 8RD)
Batting: RHB Robbie Roach 0-0: Ball
1-0: Called Strike
1-1: SINGLE (Groundball, 34D)
Batting: LHB Mal Wadley 0-0: Ball
Robbie Roach steals 2nd base
1-0: Ball
2-0: Ball
3-0: Base on Balls
Batting: RHB Chris Smith 0-0: Called Strike
0-1: Ball
1-1: Foul Ball, location: 2F
1-2: 3-RUN HOME RUN (Flyball, 78XD), Distance : 391 ft
Pitching: RHP Manny Caraballo
Batting: RHB José Lozano 0-0: Called Strike
0-1: Foul Ball, location: 2F
0-2: Ball
1-2: SINGLE (Flyball, 9S)
Batting: LHB Motoshige Kitamura 0-0: Foul Ball, location: 2F
0-1: Foul Ball, location: 2F
0-2: Ball
1-2: Foul Ball, location: 2F
1-2: Fly out, F8 (Flyball, 8RXD)
Bottom of the 4th over - 3 run(s), 3 hit(s), 0 error(s), 1 left on base; Toledo 3 - Chicago 7
TOP OF THE 5TH
Toledo Titans batting - Pitching for Chicago Hawks : RHP Adrián Fierro
Batting: RHB Anthony Johnston 0-0: Called Strike
0-1: Ball
1-1: Foul Ball, location: 2F
1-2: Foul Ball, location: 2F
1-2: Foul Ball, location: 2F
1-2: Ball
2-2: Ground out 6-3 (Groundball, 6D)
Batting: LHB Tony Dyer 0-0: Ground out U3 (Groundball, 3)
Batting: LHB Roberto Rodríguez 0-0: Ball
1-0: Foul Ball, location: 2F
1-1: Foul Ball, location: 2F
1-2: Foul Ball, location: 2F
1-2: Ground out 4-3 (Groundball, 4)
Top of the 5th over - 0 run(s), 0 hit(s), 0 error(s), 0 left on base; Toledo 3 - Chicago 7
BOTTOM OF THE 5TH
Chicago Hawks batting - Pitching for Toledo Titans : RHP Manny Caraballo
Batting: RHB Soseki Matsunaga 0-0: Ball
1-0: Ball
2-0: Called Strike
2-1: Foul Ball, location: 2F
2-2: Fly out, F8 (Flyball, 8RM)
Batting: LHB Jeremiah Spencer 0-0: Foul Ball, location: 2F
0-1: Foul Ball, location: 2F
0-2: Foul Ball, location: 2F
0-2: Ball
1-2: Ball
2-2: Ball
3-2: Fly out, F7 (Line Drive, 7M)
Batting: RHB Ludwig Kluge 0-0: Ball
1-0: Ball
2-0: Ball
3-0: Called Strike
3-1: Called Strike
3-2: Fly out, F7 (Flyball, 78XD)
Bottom of the 5th over - 0 run(s), 0 hit(s), 0 error(s), 0 left on base; Toledo 3 - Chicago 7
TOP OF THE 6TH
Toledo Titans batting - Pitching for Chicago Hawks : RHP Adrián Fierro
Batting: LHB Yannick Hendriksen 0-0: Called Strike
0-1: Foul Ball, location: 2F
0-2: Ball
1-2: Fly out, F8 (Flyball, 8RXD)
Batting: RHB Juan Orozco 0-0: SINGLE (Groundball, 4M)
Batting: RHB Kade Knowles 0-0: Ball
1-0: Called Strike
1-1: SINGLE (Line Drive, 7S)
Juan Orozco to second
Batting: LHB Ismael Cabrera 0-0: Ball
1-0: Ball
2-0: Grounds into double play, 1-6-3 (Groundball, 15S)
Top of the 6th over - 0 run(s), 2 hit(s), 0 error(s), 1 left on base; Toledo 3 - Chicago 7
BOTTOM OF THE 6TH
Chicago Hawks batting - Pitching for Toledo Titans : RHP Manny Caraballo
Batting: RHB Chandler Bailey 0-0: Ball
1-0: Foul Ball, location: 2F
1-1: Ball
2-1: Ground out 5-3 (Groundball, 56S)
Batting: RHB Robbie Roach 0-0: Called Strike
0-1: Ball
1-1: Ball
2-1: Ball
3-1: Foul Ball, location: 2F
3-2: Foul Ball, location: 2F
3-2: Foul Ball, location: 2F
3-2: Ground out 5-3 (Groundball, 56)
Batting: LHB Mal Wadley 0-0: Ball
1-0: Ball
2-0: Swinging Strike
2-1: Ball
3-1: Base on Balls
Batting: RHB Chris Smith 0-0: Ball
1-0: Ball
2-0: Ball
3-0: Called Strike
3-1: Base on Balls
Mal Wadley to second
Batting: RHB José Lozano 0-0: Ball
1-0: Foul Ball, location: 2F
1-1: Foul Ball, location: 2F
1-2: Fly out, F5 (Popup, 5SF)
Bottom of the 6th over - 0 run(s), 0 hit(s), 0 error(s), 2 left on base; Toledo 3 - Chicago 7
TOP OF THE 7TH
Toledo Titans batting - Pitching for Chicago Hawks : RHP Adrián Fierro
Batting: SHB Mustapha Gonzales 0-0: Swinging Strike
0-1: Ball
1-1: Ball
2-1: Fly out, F8 (Flyball, 8LM)
Batting: LHB Chris West 0-0: Ball
1-0: Ball
2-0: Ground out 6-3 (Groundball, 6)
Batting: RHB Anthony Johnston 0-0: Ball
1-0: Fly out, F7 (Flyball, 78M)
Top of the 7th over - 0 run(s), 0 hit(s), 0 error(s), 0 left on base; Toledo 3 - Chicago 7
BOTTOM OF THE 7TH
Chicago Hawks batting - Pitching for Toledo Titans : RHP Manny Caraballo
Batting: LHB Motoshige Kitamura 0-0: Ground out 4-3 (Groundball, 4)
Batting: RHB Soseki Matsunaga 0-0: Called Strike
0-1: SINGLE (Line Drive, 3D)
Batting: LHB Jeremiah Spencer 0-0: Fly out, F8 (Line Drive, 8LM)
Batting: RHB Ludwig Kluge 0-0: Ball
1-0: Swinging Strike
1-1: Called Strike
1-2: Foul Ball, location: 2F
1-2: Ball
2-2: Ball
3-2: Fly out, F8 (Flyball, 8RM)
Bottom of the 7th over - 0 run(s), 1 hit(s), 0 error(s), 1 left on base; Toledo 3 - Chicago 7
TOP OF THE 8TH
Toledo Titans batting - Pitching for Chicago Hawks : RHP Adrián Fierro
Batting: LHB Tony Dyer 0-0: Ball
1-0: Ball
2-0: Fly out, F7 (Flyball, 78S)
Batting: LHB Roberto Rodríguez 0-0: Foul Ball, location: 2F
0-1: Ball
1-1: Foul Ball, location: 2F
1-2: Fly out, F7 (Flyball, 7M)
Batting: LHB Yannick Hendriksen 0-0: Swinging Strike
0-1: Ground out 3-1 (Groundball, 34)
Top of the 8th over - 0 run(s), 0 hit(s), 0 error(s), 0 left on base; Toledo 3 - Chicago 7
BOTTOM OF THE 8TH
Chicago Hawks batting - Pitching for Toledo Titans : RHP Manny Caraballo
Pitching: RHP Eric Miller
Batting: RHB Chandler Bailey 0-0: SINGLE (Groundball, 34D)
Batting: RHB Robbie Roach 0-0: Foul Ball, location: 2F
0-1: Ball
1-1: Foul Ball, location: 2F
1-2: Grounds into double play, 1-4-3 (Groundball, 13S)
Batting: LHB Mal Wadley 0-0: Ground out 4-3 (Groundball, 4)
Bottom of the 8th over - 0 run(s), 1 hit(s), 0 error(s), 0 left on base; Toledo 3 - Chicago 7
TOP OF THE 9TH
Toledo Titans batting - Pitching for Chicago Hawks : RHP Adrián Fierro
Batting: RHB Juan Orozco 0-0: Called Strike
0-1: Foul Ball, location: 2F
0-2: Ball
1-2: Strikes out looking
Batting: RHB Kade Knowles 0-0: Ground out 5-3 (Groundball, 56)
Batting: LHB Ismael Cabrera 0-0: Ground out 6-3 (Groundball, 6)
Top of the 9th over - 0 run(s), 0 hit(s), 0 error(s), 0 left on base; Toledo 3 - Chicago 7
This league is powered by Out of the Park Baseball, the baseball management simulation game for PC, Mac and Linux
Friday, April 15th, 2016 - OOTP Baseball 16.9 Build 39